 Dungeon Crawl Stone Soup version 0.25.0-9-g26727b657a (webtiles) character file.

Game seed: 3232897195548227608

205246 grisnicke the Severer (level 18, -3/178 HPs)
             Began as a Deep Dwarf Fighter on June 17, 2020.
             Was the Champion of Makhleb.
             Killed by the raging water
             ... invoked by a water nymph
              (13 damage)
             ... on level 4 of the Shoals.
             The game lasted 01:51:43 (23685 turns).

grisnicke the Severer (Deep Dwarf Fighter)         Turns: 23685, Time: 01:51:44

Health: -3/178     AC: 26    Str: 30    XL:     18   Next: 3%
Magic:  21/21      EV: 17    Int:  8    God:    Makhleb [******]
Gold:   1540       SH: 16    Dex: 15    Spells: 17/17 levels left

rFire    + + +     SeeInvis +   a - +8 broad axe (flame)
rCold    + . .     Gourm    .   c - +1 kite shield "Ukleq" {+Blink MR+++ Int-5}
rNeg     + + +     Faith    .   Z - +1 plate armour {MR+}
rPois    +         Spirit   .   P - +2 helmet of Ehutacys {+Blink rN+ Str+2 SInv}
rElec    .         Reflect  .   S - scarf {rC+ rF+}
rCorr    .         Harm     .   H - +0 pair of fencer's gloves {Riposte Dex+3}
MR       ++...                  y - +2 pair of boots
Stlth    ..........             (no amulet)
HPRegen  0.00/turn              m - ring of Dim Light {rPois rF++ MR- EV+4 Int+4}
MPRegen  0.17/turn              n - ring of positive energy

@: vulnerable, non-regenerating, very slow
A: damage resistance, heal wounds, negative energy resistance 1, sense
surroundings 3, no regeneration
}: 1/15 runes: serpentine
a: Heal Wounds, Minor Destruction, Lesser Servant of Makhleb, Major Destruction,
Greater Servant of Makhleb, Renounce Religion, Evoke Blink


You were on level 4 of the Shoals.
You worshipped Makhleb.
Makhleb was exalted by your worship.
You were not hungry.

You visited 5 branches of the dungeon, and saw 31 of its levels.
You also visited: Bailey and Gauntlet.

You collected 3627 gold pieces.
You spent 2087 gold pieces at shops.

Inventory:

Hand Weapons
 a - a +8 broad axe of flaming (weapon)
 b - a +2 war axe of electrocution
 j - the +3 Elemental Staff {rElec rF++ rC++ MR++ AC+5}
   (You acquired it on level 3 of the Snake Pit)

   It affects your AC (+5).
   It greatly protects you from fire.
   It greatly protects you from cold.
   It insulates you from electricity.
   It affects your resistance to hostile enchantments.
Missiles
 k - 12 atropa-tipped darts
 u - 61 poisoned darts (quivered)
 J - 13 throwing nets
Armour
 c - the +1 kite shield "Ukleq" (worn) {+Blink MR+++ Int-5}
   (You found it on level 13 of the Dungeon)

   It affects your intelligence (-5).
   It affects your resistance to hostile enchantments.
   It lets you blink.
 y - a +2 pair of boots (worn)
 D - a scarf of invisibility
 H - the +0 pair of fencer's gloves (worn) {Riposte Dex+3}
   (You acquired it on level 3 of the Snake Pit)

   It affects your dexterity (+3).
 P - the +2 helmet of Ehutacys (worn) {+Blink rN+ Str+2 SInv}
   (You bought it in a shop on level 4 of the Dungeon)

   It affects your strength (+2).
   It protects you from negative energy.
   It lets you see invisible.
   It lets you blink.
 S - a scarf of resistance (worn)
 Z - a +1 plate armour of magic resistance (worn)
Jewellery
 m - the ring of Dim Light (left hand) {rPois rF++ MR- EV+4 Int+4}
   (You bought it in a shop on level 5 of the Dungeon)

   [ring of evasion]

   It affects your evasion (+4).
   It affects your intelligence (+4).
   It greatly protects you from fire.
   It protects you from poison.
   It affects your resistance to hostile enchantments.
 n - a ring of positive energy (right hand)
Wands
 p - a wand of paralysis (7)
 v - a wand of digging (4)
 E - a wand of enslavement (15)
 G - a wand of disintegration (40)
 I - a wand of clouds (10)
 L - a wand of acid (19)
 T - a wand of iceblast (16)
 X - a wand of flame (46)
Scrolls
 g - 3 scrolls of immolation
 i - a scroll of silence
 l - 2 scrolls of vulnerability
 r - a scroll of brand weapon
 t - 7 scrolls of teleportation
 z - 4 scrolls of blinking
 K - 11 scrolls of remove curse
 M - a scroll of fog
 N - 5 scrolls of holy word
 O - 5 scrolls of enchant armour
Potions
 d - a potion of might
 f - 5 potions of flight
 h - a potion of mutation
 o - 7 potions of cancellation
 q - 12 potions of curing
 s - 3 potions of brilliance
 w - 6 potions of heal wounds
 x - 3 potions of magic
 A - 2 potions of ambrosia
 B - 4 potions of stabbing {unknown}
 C - 3 potions of berserk rage
 F - 3 potions of haste
 R - a potion of invisibility
 W - 4 potions of lignification
Miscellaneous
 Q - a box of beasts
Comestibles
 e - 54 rations
 U - 3 chunks of flesh


   Skills:
 + Level 15.1 Fighting
 - Level 18.0 Axes
 + Level 14.2 Armour
 + Level 8.3 Dodging
 - Level 15.0 Shields
 - Level 15.0 Invocations


You had 17 spell levels left.
You didn't know any spells.
Your spell library contained the following spells:

 Spells                   Type           Power        Failure   Level  Hunger
 Animate Skeleton         Necr           N/A          94%         1    ##.....
 Apportation              Tloc           #.....       94%         1    ##.....
 Corona                   Hex            #......      94%         1    ##.....
 Infusion                 Chrm           #...         94%         1    ##.....
 Pain                     Necr           #...         94%         1    ##.....
 Sandblast                Erth           #.....       94%         1    ##.....
 Summon Butterflies       Summ           #.......     94%         1    ##.....
 Ensorcelled Hibernation  Hex/Ice        #.....       98%         2    ###....
 Passwall                 Tmut/Erth      #.......     98%         2    ###....
 Shroud of Golubria       Chrm/Tloc      #.....       98%         2    ###....
 Song of Slaying          Chrm           #.......     98%         2    ###....
 Confusing Touch          Hex            #.......     100%        3    ####...
 Dazzling Flash           Conj/Hex       #.....       100%        3    ####...
 Gell's Gravitas          Tloc           #.........   100%        3    ####...
 Lesser Beckoning         Tloc           #.........   100%        3    ####...
 Ozocubu's Armour         Chrm/Ice       #.......     100%        3    ####...
 Spectral Weapon          Hex/Chrm       #.......     100%        3    ####...
 Stone Arrow              Conj/Erth      #.....       100%        3    ####...
 Tukima's Dance           Hex            #.......     100%        3    ####...
 Vampiric Draining        Necr           #.........   100%        3    ####...
 Animate Dead             Necr           N/A          100%        4    #####..
 Petrify                  Tmut/Erth      #.......     100%        4    #####..
 Agony                    Necr           #.......     100%        5    ######.
 Alistair's Intoxication  Tmut/Pois      #.......     100%        5    ######.
 Bolt of Magma            Conj/Fire/Erth #.........   100%        5    ######.
 Iskenderun's Battlesphe  Conj/Chrm      #.......     100%        5    ######.
 Lee's Rapid Deconstruct  Erth           #.........   100%        5    ######.
 Metabolic Englaciation   Hex/Ice        #.........   100%        5    ######.
 Yara's Violent Unravell  Hex/Tmut       #.........   100%        5    ######.
 Invisibility             Hex            #.......     100%        6    #######
 Iron Shot                Conj/Erth      #.........   100%        6    #######
 Orb of Destruction       Conj           #.........   100%        7    #######
 Spellforged Servitor     Conj/Summ      #.........   100%        7    #######


Dungeon Overview and Level Annotations

Branches:
Dungeon (15/15)            Temple (0/1) D:6            Lair (6/6) D:8
 Shoals (4/4) Lair:3        Snake (4/4) Lair:2        Slime (0/5) Lair:6
    Orc (2/2) D:9             Elf (0/3) Orc:2        Vaults (0/5) D:13
 Depths (0/5) D:15         Bailey (visited)         Gauntlet (visited)

Altars:
Ashenzari
Cheibriados
Dithmenos
Elyvilon
Fedhas
Gozag
Kikubaaqudgha
Makhleb
Nemelex Xobeh
Qazlal
Ru
Trog
Vehumet
The Shining One
Beogh

Shops:
D:4 [   D:5 =   Orc:2 =(*[   Shoals:2 }[

Portals:
Trove: D:12 (give +3 storm dragon scales)

Annotations:
D:5 exclusion: downstairs
D:14 1 runed translucent door, DevastatorOne's ghost, adept TrFi
Lair:2 exclusion: 2 oklob plants
Shoals:3 1 transporter
Snake:3 Roxanne
Snake:4 exclusion: upstairs


Innate Abilities, Weirdness & Mutations

You are resistant to damage.
You can heal yourself by infusing magical energy.
You resist negative energy. (rN+)
You passively map a large area around you.
You do not regenerate.


Message History

Magic quickly surges around you.
You have identified the last scroll.
K - 4 scrolls of blinking;
z - 4 scrolls of blinking
K - 11 scrolls of remove curse It was a scroll of vulnerability.
The merfolk impaler completely misses you.
The merfolk impaler hits you but does no damage.
You block the merfolk's attack.
The merfolk impaler looks as sick as possible!
You block the merfolk impaler's attack.
The merfolk javelineer is engulfed in poison gas.
The merfolk javelineer looks as sick as possible!
The merfolk javelineer throws a silver javelin.
The silver javelin pierces through you!!
* * * LOW HITPOINT WARNING * * *
You hear a splash.
The merfolk siren chants a haunting song.
You resist with almost no effort.
The water nymph gestures at you while chanting.
The water swirls and strikes you!
You die...

#≈#≈## ≈..≈≈≈≈≈≈.......m≈
, .≈()≈##≈≈≈≈≈≈≈≈≈≈.≈$≈...
,,
#....##≈≈≈≈≈≈≈≈≈≈≈...≈≈..
, , ≈≈
#####≈≈≈≈≈≈≈≈≈≈≈≈≈.....≈.,
,
≈≈≈#.≈≈≈≈≈≈≈≈≈mm≈≈.....≈≈
≈
..≈≈.≈≈≈≈≈≈≈≈≈≈≈≈..≈≈≈≈$.
, ≈.≈≈.([≈≈≈≈≈≈≈...#
,≈≈≈≈. *
..≈.....≈≈≈≈≈.mm###..≈≈..,
,,
..≈.....≈≈≈≈...H@mmt.≈≈.≈,
,
≈..)..........).≈≈C≈.≈≈≈≈≈
, ,
.≈............mmmmtm...≈≈
, *
...............mmm☼°..≈≈≈
, , *
.....#≈####.)..mm○○§°...≈≈
, , .)...###
###)...m§.§§).≈≈ ,
...###.###..#≈..........≈
,, , ,
...##...≈...##...........
, ..≈≈##.#.#..##.......≈≈≈
,, ,,,


You could see an alligator snapping turtle (vulnerable), a frost giant (very
poisoned, vulnerable), 3 merfolk avatars, 4 merfolk impalers, a merfolk
javelineer (extremely poisoned, vulnerable), a snapping turtle (very poisoned,
vulnerable), 4 merfolk, a manticore (vulnerable), 3 merfolk sirens and 2 water
nymphs.

Vanquished Creatures
  Frances (Lair:3)
  Kirke (Lair:3)
  5 nagarajas
  A frost giant (D:15)
  2 orc warlords
  Louise (Shoals:2)
  A minotaur (Gauntlet)
  Snorg (Orc:2)
  4 merfolk impalers
  A merfolk javelineer (Shoals:4)
  7 hydras
  A hell beast (Gauntlet)
  18 naga warriors
  2 catoblepae (Lair:6)
  2 merfolk avatars (Shoals:4)
  A merfolk aquamancer (Shoals:4)
  7 anacondas
  9 centaur warriors
  2 alligator snapping turtles
  10 two-headed ogres
  An ogre mage (D:15)
  A death knight (D:14)
  2 tengu warriors
  10 naga sharpshooters
  Urug (Lair:3)
  2 orc high priests (Orc:2)
  6 shock serpents
  Nergalle (D:10)
  8 sea snakes
  An unseen horror (D:13)
  2 salamander mystics (Snake:4)
  7 naga ritualists
  A lindwurm (Lair:6)
  Pikel (D:4)
  A phantasmal warrior (D:14)
  9 harpies
  A deep elf archer (D:13)
  A faun (Shoals:2)
  11 ugly things
  5 deep elf magi
  18 manticores
  3 orc knights
  3 orc sorcerers (Orc:2)
  3 mana vipers
  9 salamanders
  6 merfolk sirens
  3 guardian serpents (Snake:4)
  5 cyclopes
  A worldbinder (Gauntlet)
  27 black mambas
  3 elephants (Lair:6)
  5 naga magi (Snake:4)
  7 water nymphs
  3 gargoyles
  4 rime drakes
  9 spiny frogs
  5 komodo dragons
  A freezing wraith (D:14)
  A yaktaur (D:15)
  2 tengu conjurers
  7 trolls
  10 polar bears
  A queen bee (Gauntlet)
  23 merfolk
  Prince Ribbit (D:8)
  A polar bear (shapeshifter) (D:13)
  3 wind drakes
  2 hornets (Lair:6)
  A slime creature (D:13)
  5 snapping turtles
  12 dream sheep
  12 hippogriffs
  6 blink frogs (Lair:6)
  A centaur simulacrum (D:13)
  A shadow (D:13)
  7 wraiths
  38 yaks
  3 vampires
  Sigmund (D:4)
  4 wyverns
  3 hogs (Lair:3)
  4 basilisks
  3 hungry ghosts
  2 vampire mosquitoes (D:13)
  5 wargs
  55 nagas
  Edmund (D:6)
  3 acid dragons
  14 water moccasins
  Duvessa (D:4)
  A slave (D:4)
  A swamp drake (Snake:2)
  19 hell hounds
  3 porcupines
  36 orc warriors
  6 sky beasts
  3 ice beasts
  11 black bears (Lair:6)
  An eye of draining (shapeshifter) (D:15)
  3 phantoms
  An eye of draining (D:12)
  10 ogres
  18 wolves
  3 boggarts (Gauntlet)
  6 crocodiles
  29 centaurs
  16 bullfrogs
  5 big kobolds
  4 gnoll sergeants (Bailey)
  Dowan (D:4)
  2 wyvern skeletons
  5 scorpions
  13 killer bees
  6 wights
  2 electric eels
  A howler monkey (D:11)
  8 crimson imps
  8 centaur zombies
  11 jellies
  A lava snake (Lair:1)
  24 orc priests
  5 centaur skeletons
  9 hounds
  28 orc wizards
  6 bullfrog skeletons
  3 gnoll shamans (Bailey)
  An iron imp (D:5)
  Jessica (D:1)
  4 iguanas
  Ijyb (D:4)
  9 worker ants
  2 killer bee zombies (D:5)
  3 hound skeletons
  A worker ant zombie (D:5)
  A howler monkey zombie (D:10)
  13 gnolls
  9 adders
  4 shadow imps
  An ooze (Lair:6)
  An adder zombie (D:9)
  An adder skeleton (D:9)
  A worm (D:2)
  3 dart slugs
  5 leopard geckos
  94 orcs
  3 bats
  3 giant cockroaches
  8 hobgoblins
  4 jackals (D:1)
  26 kobolds
  6 quokkas
  5 frilled lizards
  9 goblins
  3 hobgoblin zombies (D:5)
  A jackal skeleton (D:8)
  A kobold skeleton (D:5)
  2 kobold zombies (D:5)
  2 leopard gecko zombies
  2 quokka skeletons
  6 rats
  A bush (Lair:3)
  A fire vortex (Lair:1)
  2 fungi
  12 plants
1058 creatures vanquished.

Vanquished Creatures (collateral kills)
  Mara (Snake:3)
  Vashnia (Snake:4)
  Agnes (D:15)
  2 nagarajas (Snake:4)
  A hydra (D:14)
  A tengu warrior (D:14)
  An orc high priest (Orc:2)
  A naga ritualist (Snake:4)
  2 orc knights (Orc:2)
  3 ugly things
  3 orc sorcerers (Orc:2)
  A hornet (D:14)
  A hippogriff (D:14)
  An acid dragon (D:14)
  6 orc warriors (Orc:2)
  4 gnoll sergeants (Bailey)
  6 orc priests (Orc:2)
  3 gnoll shamans (Bailey)
  2 orc wizards (Orc:2)
  5 gnolls (Bailey)
  8 orcs (Orc:2)
  A plant (Snake:3)
55 creatures vanquished.

Vanquished Creatures (others)
  3 elephants (Lair:6)
  A wight (D:10)
  A howler monkey (D:11)
  An orc wizard (Orc:2)
  An orc (Orc:2)
  3 fungi
  13 plants
  14 withered plants (Gauntlet)
37 creatures vanquished.

Grand Total: 1150 creatures vanquished

Notes
Turn   | Place    | Note
-------+----------+-------------------------------------------
     0 | D:1      | grisnicke the Deep Dwarf Fighter began the quest for the
                  | Orb.
     0 | D:1      | Reached XP level 1. HP: 20/20 MP: 1/1
   142 | D:1      | Reached XP level 2. HP: 27/27 MP: 2/2
   247 | D:1      | Reached skill level 3 in Axes
   259 | D:1      | Reached XP level 3. HP: 34/34 MP: 2/2
   380 | D:2      | Noticed Jessica
   387 | D:1      | Killed Jessica
   387 | D:1      | Reached XP level 4. HP: 38/42 MP: 3/3
   487 | D:2      | Found a sparkling altar of Nemelex Xobeh.
   545 | D:2      | Reached skill level 4 in Axes
   824 | D:3      | Found a shadowy altar of Dithmenos.
  1000 | D:3      | Reached XP level 5. HP: 24/49 MP: 4/4
  1050 | D:4      | Noticed Pikel
  1050 | D:4      | Noticed a slave
  1050 | D:4      | Noticed a slave
  1051 | D:4      | Noticed a slave
  1071 | D:4      | Noticed Duvessa
  1071 | D:4      | Noticed Dowan
  1082 | D:4      | Killed Duvessa
  1082 | D:4      | Reached skill level 5 in Axes
  1090 | D:4      | Killed Dowan
  1090 | D:4      | Reached XP level 6. HP: 35/57 MP: 5/5
  1106 | D:4      | Noticed a slave
  1180 | D:4      | Found Pexuek's Armour Emporium.
  1284 | D:4      | Noticed Ijyb
  1297 | D:4      | Killed Ijyb
  1297 | D:4      | Reached skill level 5 in Shields
  1365 | D:4      | Noticed Sigmund
  1370 | D:4      | Reached skill level 6 in Axes
  1384 | D:4      | Killed Sigmund
  1384 | D:4      | Reached XP level 7. HP: 38/66 MP: 6/6
  1439 | D:5      | Entered Level 5 of the Dungeon
  1457 | D:5      | Found Itwoesk's Jewellery Shop.
  1528 | D:5      | Found a glowing golden altar of the Shining One.
  1555 | D:5      | Reached skill level 7 in Axes
  1631 | D:5      | Found a burning altar of Makhleb.
  1644 | D:5      | Became a worshipper of Makhleb the Destroyer
  1784 | D:5      | Got a fine brass ring
  1785 | D:5      | Identified the ring of Tiucrir {Fire Str+5} (You found it
                  | on level 5 of the Dungeon)
  1909 | D:5      | Reached skill level 5 in Fighting
  1909 | D:5      | Reached XP level 8. HP: 59/74 MP: 7/7
  2073 | D:5      | Found a sacrificial altar of Ru.
  2461 | D:5      | Reached skill level 8 in Axes
  2600 | D:6      | Found a staircase to the Ecumenical Temple.
  2642 | D:6      | Reached * piety under Makhleb
  2790 | D:6      | Reached skill level 9 in Axes
  2878 | D:6      | Noticed Edmund
  2905 | D:6      | Killed Edmund
  2946 | D:6      | Gained mutation: You passively map the area around you.
                  | [Deep Dwarf growth]
  2946 | D:6      | Reached XP level 9. HP: 62/82 MP: 8/8
  3428 | D:7      | Found a bloodstained altar of Trog.
  3474 | D:7      | Found a snail-covered altar of Cheibriados.
  3565 | D:7      | Found a white marble altar of Elyvilon.
  3988 | D:8      | Noticed Prince Ribbit
  4008 | D:8      | Killed Prince Ribbit
  4150 | D:8      | Found a staircase to the Lair.
  4207 | D:8      | Reached skill level 10 in Axes
  4270 | D:8      | Reached ** piety under Makhleb
  4663 | D:9      | Found a staircase to the Orcish Mines.
  4667 | D:9      | Found a shattered altar of Ashenzari.
  4668 | D:9      | Found a radiant altar of Vehumet.
  4766 | D:9      | Noticed a komodo dragon
  4770 | D:9      | Killed a komodo dragon
  4770 | D:9      | Reached skill level 1 in Invocations
  4797 | D:9      | Found an ancient bone altar of Kikubaaqudgha.
  4858 | D:9      | Found a stormy altar of Qazlal.
  5070 | D:9      | Reached skill level 11 in Axes
  5160 | D:9      | Found an opulent altar of Gozag.
  5410 | D:10     | Entered Level 10 of the Dungeon
  5424 | D:10     | Reached XP level 10. HP: 94/94 MP: 11/11
  5444 | D:10     | Reached *** piety under Makhleb
  5630 | D:10     | Noticed Nergalle
  5656 | D:10     | Killed Nergalle
  5731 | D:10     | Found a blossoming altar of Fedhas.
  6308 | D:10     | Reached skill level 5 in Invocations
  6486 | D:11     | Noticed a manticore
  6503 | D:10     | Reached skill level 12 in Axes
  6575 | D:11     | Noticed a centaur warrior
  6583 | D:11     | Killed a centaur warrior
  6718 | D:4      | Bought the +2 helmet of Ehutacys {+Blink rN+ Str+2 SInv}
                  | for 452 gold pieces
  6734 | D:4      | Killed Pikel
  7023 | D:11     | Noticed a manticore
  7031 | D:11     | Reached XP level 11. HP: 82/103 MP: 14/14
  7041 | D:11     | Reached **** piety under Makhleb
  7143 | D:11     | Reached skill level 13 in Axes
  7156 | D:11     | Reached skill level 10 in Shields
  7755 | D:11     | Noticed a purple ugly thing
  7767 | D:11     | Killed a purple ugly thing
  8309 | D:4      | Bought a +1 pair of gloves of strength for 181 gold pieces
  8478 | D:12     | Reached skill level 14 in Axes
  8598 | D:12     | Noticed a cyan ugly thing
  8606 | D:12     | Killed a cyan ugly thing
  8788 | D:12     | Noticed a deep elf mage
  8801 | D:12     | Killed a deep elf mage
  8898 | D:12     | Found a portal to a secret trove of treasure.
  9122 | D:12     | Noticed a red ugly thing
  9135 | D:12     | Killed a red ugly thing
  9135 | D:12     | Reached XP level 12. HP: 110/114 MP: 15/15
  9382 | D:13     | Found a flagged portal.
  9406 | Bailey   | Entered a bailey
  9518 | Bailey   | Reached ***** piety under Makhleb
  9961 | D:13     | Noticed a two-headed ogre
  9979 | D:13     | Killed a two-headed ogre
 10190 | D:13     | Reached skill level 15 in Axes
 10236 | D:13     | Noticed a two-headed ogre
 10240 | D:13     | Killed a two-headed ogre
 10385 | D:13     | Noticed a two-headed ogre
 10399 | D:13     | Killed a two-headed ogre
 10399 | D:13     | Reached skill level 10 in Fighting
 10426 | D:13     | Noticed a centaur warrior
 10427 | D:13     | Noticed a centaur warrior
 10433 | D:13     | Killed a centaur warrior
 10437 | D:13     | Killed a centaur warrior
 10657 | D:13     | Reached XP level 13. HP: 123/123 MP: 17/17
 10772 | D:13     | Found a gate to the Vaults.
 10863 | D:13     | Got a dazzling kite shield
 10864 | D:13     | Identified the +1 kite shield "Ukleq" {+Blink MR+++ Int-5}
                  | (You found it on level 13 of the Dungeon)
 11173 | D:14     | Reached skill level 16 in Axes
 11191 | D:14     | Reached skill level 10 in Invocations
 11426 | D:14     | Found a gate leading to a gauntlet.
 11432 | Gauntlet | Entered a Gauntlet
 11432 | Gauntlet | Found a transporter.
 11432 | Gauntlet | Found a transporter.
 11432 | Gauntlet | Found a large runed translucent door.
 11432 | Gauntlet | Found a large runed translucent door.
 11432 | Gauntlet | Found a large runed translucent door.
 11432 | Gauntlet | Found a large runed translucent door.
 11432 | Gauntlet | Found a large runed translucent door.
 11432 | Gauntlet | Found a large runed translucent door.
 11432 | Gauntlet | Found a runed translucent door.
 11432 | Gauntlet | Found a runed translucent door.
 11432 | Gauntlet | Found a large runed translucent door.
 11432 | Gauntlet | Found a large runed translucent door.
 11432 | Gauntlet | Found a large runed translucent door.
 11432 | Gauntlet | Found a large runed translucent door.
 11432 | Gauntlet | Found a large runed translucent door.
 11432 | Gauntlet | Found a large runed translucent door.
 11437 | Gauntlet | Found a transporter.
 11452 | Gauntlet | Found a transporter.
 11468 | Gauntlet | Found a transporter.
 11481 | Gauntlet | Found a transporter.
 11558 | Gauntlet | Found a large runed translucent door.
 11558 | Gauntlet | Found a large runed translucent door.
 11559 | Gauntlet | Found a runed translucent gate.
 11559 | Gauntlet | Found a runed translucent gate.
 11559 | Gauntlet | Found a runed translucent gate.
 11561 | Gauntlet | Found a transporter.
 11571 | Gauntlet | Found a large runed translucent door.
 11572 | Gauntlet | Found a large runed translucent door.
 11576 | Gauntlet | Found a transporter.
 11591 | Gauntlet | Found a transporter.
 11604 | Gauntlet | Found a transporter.
 11623 | Gauntlet | Found a transporter.
 11695 | Gauntlet | Found a transporter.
 11695 | Gauntlet | Found a transporter.
 11706 | Gauntlet | Found a transporter.
 11706 | Gauntlet | Found a transporter.
 11715 | Gauntlet | Found a transporter.
 11842 | Gauntlet | Got a pair of smoking boots
 11923 | Gauntlet | Noticed a minotaur
 11935 | Gauntlet | Killed a minotaur
 12252 | D:14     | Found a runed translucent door.
 12254 | D:14     | Noticed DevastatorOne's ghost (adept TrFi)
 12557 | D:15     | Entered Level 15 of the Dungeon
 12672 | D:15     | Reached ****** piety under Makhleb
 12695 | D:15     | Found a staircase to the Depths.
 12695 | D:15     | Noticed a frost giant
 12709 | D:15     | Killed a frost giant
 12814 | D:15     | Gained mutation: You resist negative energy. (rN+) [Deep
                  | Dwarf growth]
 12814 | D:15     | Reached XP level 14. HP: 109/135 MP: 20/20
 13039 | D:15     | Noticed Agnes
 13047 | D:15     | Killed Agnes
 13581 | Orc:1    | Entered Level 1 of the Orcish Mines
 13720 | Orc:1    | Found a roughly hewn altar of Beogh.
 13920 | Orc:1    | Noticed an orc warlord
 13951 | Orc:1    | Killed an orc warlord
 14074 | Orc:2    | Entered Level 2 of the Orcish Mines
 14107 | Orc:2    | Reached skill level 5 in Armour
 14112 | Orc:2    | Noticed an orc warlord
 14203 | Orc:2    | Killed an orc warlord
 14241 | Orc:2    | Found Jisho's General Store.
 14241 | Orc:2    | Found Uhuqa's Jewellery Shoppe.
 14243 | Orc:2    | Found Zedy's Antique Armour Emporium.
 14243 | Orc:2    | Found Zorr's Antique Weapon Emporium.
 14248 | Orc:2    | Bought a potion of haste for 130 gold pieces
 14565 | Orc:2    | Noticed Snorg
 14585 | Orc:2    | Killed Snorg
 14632 | Orc:2    | Found a staircase to the Elven Halls.
 15279 | D:5      | Bought the ring of Dim Light {rPois rF++ MR- EV+4 Int+4}
                  | for 964 gold pieces
 15378 | Lair:1   | Entered Level 1 of the Lair of Beasts
 15717 | Lair:1   | Reached XP level 15. HP: 146/146 MP: 20/20
 16164 | Lair:2   | Found a staircase to the Snake Pit.
 16927 | Lair:3   | Found a white marble altar of Elyvilon.
 16984 | Lair:3   | Noticed Urug
 16995 | Lair:3   | Killed Urug
 17182 | Lair:3   | Identified the +2 pair of boots of the Hunter {rF++ Dex-5
                  | Stlth+} (You found it in a Gauntlet)
 17387 | Lair:3   | Found a staircase to the Shoals.
 18058 | Lair:6   | Entered Level 6 of the Lair of Beasts
 19243 | Lair:6   | Found a staircase to the Slime Pits.
 19557 | Lair:6   | Reached skill level 15 in Shields
 19739 | Lair:6   | Reached skill level 10 in Armour
 20394 | Snake:1  | Entered Level 1 of the Snake Pit
 20408 | Snake:1  | Reached XP level 16. HP: 156/156 MP: 22/22
 20510 | Snake:3  | Reached skill level 15 in Invocations
 20554 | Snake:3  | Noticed Mara
 20584 | Snake:3  | Noticed grisnicke's illusion
 20610 | Snake:3  | Noticed grisnicke's illusion
 20613 | Snake:3  | Killed Mara
 20623 | Snake:3  | Identified Roxanne's Volume of Transmigration
 20623 | Snake:3  | Noticed Roxanne
 20711 | Snake:3  | HP: 6/157 [shock serpent/bolt of electricity (23)]
 20795 | Snake:3  | Reached skill level 17 in Axes
 20889 | Snake:3  | Identified 2 scrolls of acquirement
 20892 | Snake:3  | Found the +3 Elemental Staff {rElec rF++ rC++ MR++ AC+5}
 20892 | Snake:3  | Got the +3 Elemental Staff {rElec rF++ rC++ MR++ AC+5}
 20913 | Snake:3  | Found the +0 pair of fencer's gloves {Riposte Dex+3}
 20913 | Snake:3  | Got the +0 pair of fencer's gloves {Riposte Dex+3}
 21090 | Snake:4  | Entered Level 4 of the Snake Pit
 21388 | Snake:4  | Reached skill level 18 in Axes
 21416 | Snake:4  | Reached skill level 1 in Dodging
 21443 | Snake:4  | Identified the +8 glaive "Q" {vorpal, Dex+2}
 21465 | Snake:4  | Noticed Vashnia
 21506 | Snake:4  | Killed Vashnia
 21506 | Snake:4  | Reached XP level 17. HP: 88/166 MP: 20/20
 21623 | Snake:4  | Got a serpentine rune of Zot
 22113 | Snake:4  | Reached skill level 5 in Dodging
 22539 | Shoals:1 | Entered Level 1 of the Shoals
 22539 | Shoals:1 | Noticed Frances
 22539 | Shoals:1 | Noticed Kirke
 22571 | Lair:3   | Killed Kirke
 22591 | Lair:3   | Killed Frances
 22619 | Shoals:2 | Found Kazuheb's Gadget Boutique.
 22663 | Shoals:2 | Bought a wand of acid (6) for 360 gold pieces
 22672 | Shoals:2 | Noticed Louise
 22693 | Shoals:2 | Killed Louise
 22895 | Shoals:2 | Found Kippori's Armour Boutique.
 23019 | Shoals:3 | Found a transporter.
 23124 | Shoals:4 | Entered Level 4 of the Shoals
 23516 | Shoals:4 | Reached skill level 15 in Fighting
 23674 | Shoals:4 | Gained mutation: You passively map a large area around you.
                  | [Deep Dwarf growth]
 23674 | Shoals:4 | Reached XP level 18. HP: 151/178 MP: 21/21
 23685 | Shoals:4 | Killed from afar by a water nymph

Illustrated notes

Levels and vault maps discovered:
D:1:      sevenhm_arrival_forest_fort_large_3, layout_basic
D:2:      layout_rooms, lemuel_coloured_pillars_altar, first_ration,
          uniq_jessica
D:3:      layout_loops_ring, grunt_dithmenos_smoke, serial_rivers,
          chequers_serial_rivers_small_b, chequers_serial_rivers_micro_a,
          chequers_serial_rivers_small_a, chequers_serial_rivers_micro_c,
          chequers_serial_rivers_micro_c
D:4:      layout_rooms, marbit_many_paths, serial_shops, shop, uniq_duvessa,
          uniq_pikel, uniq_ijyb, uniq_sigmund
D:5:      layout_loops_corners, nicolae_ru_awakened_eye,
          nicolae_tso_besieged_by_evil, minmay_shop_grid_forest,
          dk_noncrumbling_4, skrybe_limestone_x, minmay_misc_feat_room,
          serial_bayou_pond_d, makhleb_heckhound_becter
D:6:      layout_loops_ring, minmay_temple_entry_large_hall, uniq_edmund
D:7:      layout_basic, kennysheep_little_box, elyvilon_altar_5,
          lemuel_doored_altar
D:8:      layout_loops_ring, dpeg_oklobed_lair, uniq_prince_ribbit1
D:9:      layout_roguey, kennysheep_mini, grunt_qazlal_clouds,
          lemuel_crystal_altar, vehumet_crystals, kennysheep_mini_moat,
          orc_0_dummy, serial_rivers, chequers_serial_rivers_large_b,
          chequers_serial_rivers_micro_c, chequers_serial_rivers_micro_d,
          chequers_serial_rivers_micro_a, chequers_serial_rivers_micro_c,
          blue_anna_alchemist [blue_anna_fruit_fields, blue_anna_fruit_fields],
          chequers_serial_rivers_room_b
D:10:     layout_loops_ring, kennysheep_cross_bottleneck, fedhas_altar_2,
          uniq_nergalle
D:11:     minmay_imperfect_grid, layout_basic
D:12:     layout_basic, enter_trove_0
D:13:     minmay_the_grid_3x2 [minmay_the_grid_spin_star,
          minmay_the_grid_diamond_grid, minmay_the_grid_rooms,
          minmay_the_grid_large_cup, minmay_the_grid_empty,
          minmay_the_grid_prize_trominoes], layout_stronghold, david_vaults_1,
          enter_bailey_3
D:14:     layout_loops_ring, gauntlet_entry_generic, serial_bayou_lagoon_a,
          ebering_ghost_reflecting_pool, minivault_28
D:15:     grunt_enter_depths_snipers, layout_long_grid, minmay_misc_feat_rows,
          uniq_agnes
Lair:1:   layout_gridlike
Lair:2:   dpeg_oklob_gauntlet, layout_gridlike, dummy_snake_entry,
          hibernation_bobbens
Lair:3:   layout_small_grid, minmay_shoals_entry_hut, basic_altar, st_stairs_8,
          uniq_urug
Lair:4:   layout_small_grid
Lair:5:   layout_cave_pods
Lair:6:   hangedman_lair_caniforms_friends, layout_regular_city,
          hangedman_lair_in_review, nicolae_slime_entry_slimehenge, st_stairs_5
Shoals:1: layout_shoals, nicolae_shoals_circle_sea_wall, uniq_frances,
          uniq_kirke
Shoals:2: layout_shoals, serial_shops, nicolae_shop_trees, shop, uniq_louise
Shoals:3: gammafunk_the_bubble [the_bubble_gammafunk_plus_minus], layout_shoals
Shoals:4: shoals_end_grunt_ice, layout_shoals, nicolae_shoals_isolated_beach
Snake:1:  layout_onion_interference, serial_shops, shop, shop, shop
Snake:2:  onia_ninara_swampy_vault, layout_rooms
Snake:3:  layout_onion, serial_bayou_shore_b, uniq_roxanne, uniq_mara
Snake:4:  johnstein_snake_rune_scales, layout_misc_corridors, grunt_megastairs_3
Orc:1:    layout_caves, basic_altar, mines2_lemuel
Orc:2:    st_orc_congregation, layout_diamond_mine, uniq_snorg

Skill      XL: |  1  2  3  4  5  6  7  8  9 10 11 12 13 14 15 16 17 |
---------------+----------------------------------------------------+-----
Axes           | 3 4 5 6 7 9 11 12 14 15 16 18 | 18.0
Fighting       | 3 4 5 6 7 8 9 10 11 12 13 14 15 | 15.1
Shields        | 4 5 6 7 8 9 10 11 13 14 15 | 15.0
Invocations    | 3 6 9 11 13 14 15 | 15.0
Armour         | 6 10 12 14 | 14.2
Dodging        | 2 8 |  8.3

Action                   |  1- 3 |  4- 6 |  7- 9 | 10-12 | 13-15 | 16-18 || total
-------------------------+-------+-------+-------+-------+-------+-------++-------
Melee: War axe           |   117 |   138 |   449 |   873 |  1229 |       ||  2806
       Whip              |       |       |       |       |    59 |       ||    59
       Broad axe         |       |       |       |       |    59 |   893 ||   952
Throw: Boomerang         |     3 |     3 |       |       |       |       ||     6
       Dart              |       |     1 |    20 |     2 |     4 |       ||    27
Invok: Lesser Servant of |       |       |       |     6 |    12 |     6 ||    24
       Greater Servant o |       |       |       |       |     1 |     4 ||     5
       Major Destruction |       |       |       |       |       |     2 ||     2
       Minor Destruction |       |       |       |       |       |     1 ||     1
 Abil: Heal Wounds       |     1 |     3 |     5 |    10 |    10 |    11 ||    40
Evoke: Wand              |       |     3 |     4 |     6 |     6 |     3 ||    22
  Use: Potion            |       |     1 |       |       |       |     1 ||     2
       Scroll            |       |       |    19 |     4 |    12 |    11 ||    46
 Stab: Paralysed         |       |     2 |       |       |       |     3 ||     5
       Confused          |       |       |     1 |       |     1 |       ||     2
       Distracted        |       |       |       |     1 |     2 |     4 ||     7
       Petrified         |       |       |       |       |     9 |       ||     9
  Eat: Chunk             |       |     2 |    13 |    23 |    32 |    12 ||    82
Armor: Scale mail        |    54 |    46 |       |       |       |       ||   100
       Ring mail         |       |     5 |   128 |       |       |       ||   133
       Plate armour      |       |       |    17 |   361 |   455 |   304 ||  1137
       Skin              |       |       |       |    10 |       |       ||    10
Dodge: Dodged            |    42 |    39 |   114 |   133 |   314 |   345 ||   987
Block: Kite shield       |    74 |    70 |   206 |   541 |   887 |   664 ||  2442
       Rpst.: Broad axe  |       |       |       |       |       |    46 ||    46
